 Dungeon Crawl Stone Soup version 0.21.1-1-g345015fe64 (webtiles) character file.

150 Fuxmar the Cutter (level 5, 0/41 HPs)
             Began as a Vampire Fighter on Mar 15, 2018.
             Succumbed to Robin's poison
             ... on level 3 of the Dungeon.
             The game lasted 00:06:51 (1485 turns).

Fuxmar the Cutter (Vampire Fighter)                 Turns: 1485, Time: 00:06:51

Health: 0/41       AC:  7    Str: 16    XL:     5   Next: 10%
Magic:  5/5        EV:  7    Int: 10    God:
Gold:   86         SH:  9    Dex: 14    Spells: 4/4 levels left

rFire    . . .     SeeInvis +   a - +0 rapier
rCold    . . .     Gourm    .   c - +0 shield
rNeg     + . .     Faith    .   b - +0 scale mail
rPois    .         Spirit   .   (no helmet)
rElec    .         Reflect  .   (no cloak)
rCorr    .         Harm     .   (no gloves)
MR       .....                  u - +0 pair of boots
Stlth    ..........             (no amulet)
HPRegen  0.13/turn              (no ring)
MPRegen  0.09/turn              (no ring)

@: lethally poisoned (0 -> -33)
A: fangs 3, see invisible, unbreathing
a: Bat Form


You were on level 3 of the Dungeon.
You were not thirsty.

You visited 1 branch of the dungeon, and saw 3 of its levels.

You collected 86 gold pieces.

Inventory:

Hand Weapons
 a - a +0 rapier (weapon)
Armour
 b - a +0 scale mail (worn)
 c - a +0 shield (worn)
 u - a +0 pair of boots (worn)
Scrolls
 f - 2 scrolls of fear {unknown}
 g - a scroll of enchant weapon {unknown}
 h - 2 scrolls of teleportation {unknown}
 k - a scroll of noise {unknown}
 l - a scroll of magic mapping {unknown}
 m - 2 scrolls of remove curse {unknown}
 o - a scroll of blinking {unknown}
 v - a scroll of immolation {unknown}
 x - a scroll of identify {unknown}
Potions
 d - a potion of might
 e - a potion of blood
 i - a potion of resistance {unknown}
 j - a potion of cancellation {unknown}
 n - 3 potions of curing {unknown}
 p - a potion of degeneration {unknown}
 q - a potion of haste {unknown}
 r - a potion of flight {unknown}
 s - a potion of mutation {unknown}
 t - a potion of heal wounds {unknown}
 w - 2 potions of lignification {unknown}


   Skills:
 + Level 3.3 Fighting
 + Level 4.1 Short Blades
 + Level 3.0 Armour
 + Level 0.4 Dodging
 + Level 3.3 Shields


You had 4 spell levels left.
You didn't know any spells.

Dungeon Overview and Level Annotations

Branches:
Dungeon (3/15)

Altars:
Kikubaaqudgha


Innate Abilities, Weirdness & Mutations

You have razor-sharp teeth.
You have supernaturally acute eyesight. (SInv)
You can survive without breathing.


Message History

You feel sick. Robin hits you but does no damage.
You are more poisoned.
You hit Robin.
Robin is almost dead.
* * * LOW HITPOINT WARNING * * *
You feel very sick. Robin hits you but does no damage.
You are more poisoned.
A goblin comes into view.
You hit Robin.
You kill Robin!
* * * LOW HITPOINT WARNING * * *
You feel very sick.
You hit the hobgoblin but do no damage.
* * * LOW HITPOINT WARNING * * *
You feel very sick. The hobgoblin barely misses you.
A goblin comes into view.
Your shield and scale mail prevent you from hitting the hobgoblin.
You die...

... #...
### .....
#@# #.....
#g##......
#K#.....#
#g#.....##
#.g.b.g...
#..##......
#.## g....
#. ..g. #.
..!


You could see a hobgoblin, 2 goblins and a kobold.

Vanquished Creatures
  Jessica (D:2)
  Robin (D:3)
  4 adders (D:2)
  An ooze (D:1)
  3 worms (D:2)
  2 dart slugs
  A leopard gecko (D:1)
  8 bats
  A giant cockroach (D:2)
  7 goblins
  12 hobgoblins
  5 jackals (D:2)
  7 kobolds
  2 frilled lizards
  7 rats
62 creatures vanquished.

Notes
Turn   | Place    | Note
-------+----------+-------------------------------------------
     0 | D:1      | Fuxmar the Vampire Fighter began the quest for the Orb.
     0 | D:1      | Reached XP level 1. HP: 17/17 MP: 1/1
    61 | D:1      | Reached XP level 2. HP: 11/23 MP: 2/2
   696 | D:2      | Reached XP level 3. HP: 28/29 MP: 3/3
   698 | D:2      | Noticed Jessica
   702 | D:2      | Killed Jessica
   702 | D:2      | Reached skill level 3 in Short Blades
   709 | D:2      | Found an ancient bone altar of Kikubaaqudgha.
   771 | D:2      | Reached XP level 4. HP: 26/35 MP: 4/4
  1461 | D:3      | Noticed Robin
  1471 | D:3      | Reached skill level 4 in Short Blades
  1471 | D:3      | Reached XP level 5. HP: 29/41 MP: 5/5
  1483 | D:3      | Killed Robin
  1484 | D:3      | HP: 2/41 [poisoned by Robin]
  1485 | D:3      | Succumbed to Robin's poison

Skill      XL: |  1  2  3  4  5 |
---------------+----------------+-----
Fighting       | 3 |  3.3
Shields        | 3 |  3.3
Short Blades   | 3 4 |  4.1
Armour         | 3 |  3.0
Dodging        | |  0.4

Action                   |  1- 3 |  4- 6 || total
-------------------------+-------+-------++-------
Melee: Rapier            |    99 |   125 ||   224
       Bite              |    10 |     9 ||    19
  Eat: Corpse            |     3 |     3 ||     6
Armor: Scale mail        |    30 |    36 ||    66
Dodge: Dodged            |    16 |    28 ||    44
Block: Shield            |    39 |    56 ||    95
